 Dungeon Crawl Stone Soup version 0.29.1-15-g9cfb28693d (webtiles) character file.

Game seed: 13728619669160909170

1711 Greenlander the Insei (level 9, -1/57 (67) HPs)
             Began as a Gnoll Transmuter on Mar 21, 2023.
             Was a Believer of Elyvilon.
             Slain by a wight
             ... wielding a +1 trident
              (3 damage)
             ... on level 7 of the Dungeon.
             The game lasted 00:34:24 (6644 turns).

Greenlander the Insei (Gnoll Transmuter)            Turns: 6644, Time: 00:34:24

HP:   -1/57 (67)    AC:  6    Str: 11    XL:     9   Next: 4%
MP:   18/18         EV: 17    Int: 15    God:    Elyvilon [**....]
Gold: 379           SH:  0    Dex: 13    Spells: 1/20 levels left

rFire   . . .      SeeInvis .   r - +0 arbalest
rCold   . . .      Faith    .   (shield currently unavailable)
rNeg    . . .      Spirit   .   d - +3 leather armour {Will+}
rPois   +          Reflect  .   (no helmet)
rElec   .          Harm     .   (no cloak)
rCorr   .          Rampage  .   (no gloves)
Will    +....                   (no boots)
Stlth   ++........              (no amulet)
HPRegen 0.19/turn               i - ring of poison resistance
MPRegen 0.16/turn               x - +4 ring of evasion

@: heavily drained
A: fangs 1, strong nose, distributed training
a: Renounce Religion, Purification, Heal Other


You were on level 7 of the Dungeon.
You worshipped Elyvilon.
Elyvilon was pleased with you.
You visited 2 branches of the dungeon, and saw 8 of its levels.

You collected 437 gold pieces.
You spent 58 gold pieces at shops.

Inventory:

Hand Weapons
 r - a +0 arbalest (weapon)
 B - a +2 spear of venom
Missiles
 g - 3 javelins
 z - 10 poisoned darts
Armour
 a - a +2 robe
 d - a +3 leather armour of willpower (worn)
 v - a +2 robe of positive energy
Jewellery
 i - a ring of poison resistance (left hand)
 k - a ring of ice
 x - a +4 ring of evasion (right hand)
Wands
 n - a wand of flame (16)
 s - a wand of charming (12)
Scrolls
 m - 4 scrolls of noise
 A - a scroll of vulnerability
Potions
 b - 2 potions of lignification
 c - 2 potions of might {unknown}
 e - a potion of flight {unknown}
 f - 2 potions of attraction
 h - a potion of invisibility {unknown}
 j - 2 potions of brilliance
 l - 2 potions of curing {unknown}
 o - a potion of ambrosia {unknown}
 q - 2 potions of degeneration {unknown}


   Skills:
 + Level 4.8 Fighting
 + Level 4.0 Short Blades
 + Level 4.0 Long Blades
 + Level 4.0 Axes
 + Level 4.0 Maces & Flails
 + Level 4.0 Polearms
 + Level 4.0 Staves
 + Level 4.0 Ranged Weapons
 + Level 4.0 Throwing
 + Level 4.0 Armour
 + Level 6.1 Dodging
 + Level 4.0 Stealth
 + Level 4.0 Shields
 + Level 7.7 Unarmed Combat
 + Level 6.4 Spellcasting
 + Level 3.2 Conjurations
 + Level 3.2 Hexes
 + Level 3.2 Summonings
 + Level 3.2 Necromancy
 + Level 3.2 Translocations
 + Level 5.1 Transmutations
 + Level 3.2 Fire Magic
 + Level 3.2 Ice Magic
 + Level 3.2 Air Magic
 + Level 3.2 Earth Magic
 + Level 3.2 Poison Magic
 + Level 4.3 Invocations
 + Level 4.0 Evocations


You had one spell level left.
You knew the following spells:

 Your Spells              Type           Power      Damage    Failure   Level
a - Ice Form              Ice/Tmut       17%        N/A       32%         4
b - Wereblood             Tmut           20%        N/A       3%          2
c - Spider Form           Tmut/Pois      17%        N/A       10%         3
d - Call Canine Familiar  Summ           14%        N/A       14%         3
e - Portal Projectile     Hex/Tloc       28%        N/A       14%         3
f - Leda's Liquefaction   Hex/Erth       7%         N/A       43%         4

Your spell library contained the following spells:

 Spells                   Type           Power      Damage    Failure   Level
 Beastly Appendage        Tmut           40%        N/A       2%          1
 Sandblast                Erth           28%        2d8       4%          1
 Passwall                 Tmut/Erth      14%        N/A       4%          2
 Ensorcelled Hibernation  Hex/Ice        28%        N/A       7%          2
 Stone Arrow              Conj/Erth      28%        3d8       14%         3
 Swiftness                Air            14%        N/A       14%         3


Dungeon Overview and Level Annotations

Branches:
Dungeon (7/15)             Temple (1/1) D:6

Altars:
Ashenzari
Dithmenos
Elyvilon
Fedhas
Hepliaklqana
Kikubaaqudgha
Uskayaw
Vehumet
Wu Jian
Yredelemnul
Zin
The Shining One

Shops:
D:5 [   D:6 (

Annotations:
D:5 2 transporters, Dillmonsterx101's ghost, novice MiFi
D:7 Maggie


Innate Abilities, Weirdness & Mutations

You have very sharp teeth.
Your uncanny sense of smell can sniff out nearby items.
Your experience applies equally to all skills.


Message History

Press: ? - help, Q - select action, (/) - cycle Shift-Dir - straight line, f/p - wight
Aim: a wight, wielding a +1 trident and wearing a +0 robe (59% to hit)
You shoot a bolt. The bolt hits the wight!
The wight is heavily damaged.
You howl as the wereblood boils in your veins!
The wight hits you from afar with a +1 trident!
Fire: r) +0 arbalest
Press: ? - help, Q - select action, (/) - cycle Shift-Dir - straight line, f/p - wight
Aim: a wight, wielding a +1 trident and wearing a +0 robe (heavily damaged, 59% to hit)
You shoot a bolt. The bolt barely misses the wight.
Your primal bloodlust has ended.
The wight hits you from afar with a +1 trident.
* * * LOW HITPOINT WARNING * * *
The wight closely misses you.
Fire: r) +0 arbalest
Press: ? - help, Q - select action, (/) - cycle Shift-Dir - straight line, f/p - wight
Aim: a wight, wielding a +1 trident and wearing a +0 robe (heavily damaged, 56% to hit)
You shoot a bolt. The bolt hits the wight!
The wight is almost destroyed.
The wight hits you from afar with a +1 trident.
* * * LOW HITPOINT WARNING * * *
You feel drained.
* * * LOW HITPOINT WARNING * * *
Fire: r) +0 arbalest
Press: ? - help, Q - select action, (/) - cycle Shift-Dir - straight line, f/p - wight
Aim: a wight, wielding a +1 trident and wearing a +0 robe (almost destroyed, 56% to hit)
You shoot a bolt. The bolt closely misses the wight.
The wight misses you.
Maggie mumbles some strange words.
Maggie attempts to bespell you! You resist with some effort.
The wight barely misses you.
Fire: r) +0 arbalest
Press: ? - help, Q - select action, (/) - cycle Shift-Dir - straight line, f/p - wight
Aim: a wight, wielding a +1 trident and wearing a +0 robe (almost destroyed, 56% to hit)
You shoot a bolt. The bolt closely misses the wight.
Maggie barely misses you.
The wight hits you from afar with a +1 trident!
* * * LOW HITPOINT WARNING * * *
You feel drained.
You die...

##....# ......# [..
....... ..)...# ..
....... ..)...#
..##....... ##)...#
......... #)...#
#+##+#....... ##....#
#.##.#).z.##### ##....#
##..)...........
......###/..)...@@......
##...#......).......#...
#)....##...#.###.......
.......####.#.# ......#
.......# ....# ......#
.....#.# ...### .......
.......#....? .......
.......#..... .......
......##


You could see Maggie and a wight.

Vanquished Creatures
  Duvessa (D:5)
  An orc warrior (D:7)
  An ice beast (D:5)
  2 ogres
  Blork the orc (D:4)
  A bullfrog (D:6)
  A necrophage (D:6)
  4 wights (D:7)
  Dowan (D:5)
  2 hounds
  4 orc priests (D:7)
  2 jellies
  Jessica (D:2)
  Natasha (twice) (D:2)
  2 iguanas
  4 adders
  2 ufetubi (D:4)
  4 worms
  3 dart slugs
  8 orcs
  6 ball pythons
  3 bats (D:2)
  7 endoplasms
  4 giant cockroaches
  5 goblins
  6 hobgoblins
  10 jackals
  3 quokkas
  4 frilled lizards
  2 kobolds
  4 rats
101 creatures vanquished.

Vanquished Creatures (collateral kills)
  Prince Ribbit (D:6)
  A water moccasin (D:6)
  A goblin (D:1)
  A kobold (D:1)
4 creatures vanquished.

Vanquished Creatures (others)
  An orc (D:7)
  2 goblins (D:2)
3 creatures vanquished.

Grand Total: 108 creatures vanquished

Notes
Turn   | Place    | Note
-------+----------+-------------------------------------------
     0 | D:1      | Greenlander the Gnoll Transmuter began the quest for the
                  | Orb.
     0 | D:1      | Reached XP level 1. HP: 17/17 MP: 6/6
   266 | D:1      | Reached XP level 2. HP: 16/23 MP: 5/7
   269 | D:1      | Learned a level 2 spell: Wereblood
   581 | D:2      | Noticed Natasha
   584 | D:2      | Noticed a crimson imp
   585 | D:2      | Noticed a crimson imp
   593 | D:2      | Noticed a crimson imp
   765 | D:2      | Reached skill level 5 in Spellcasting
   765 | D:2      | Reached XP level 3. HP: 28/28 MP: 5/9
   769 | D:2      | Learned a level 3 spell: Spider Form
   808 | D:2      | Noticed a golden eye
   812 | D:2      | Found a faded altar of an unknown god.
   814 | D:2      | Noticed an eye of devastation
   815 | D:2      | Noticed an eye of devastation
   815 | D:2      | Noticed a floating eye
   875 | D:2      | Noticed Jessica
   916 | D:2      | Killed Jessica
   917 | D:2      | Reached skill level 1 in Short Blades
   917 | D:2      | Reached skill level 1 in Long Blades
   917 | D:2      | Reached skill level 1 in Axes
   917 | D:2      | Reached skill level 1 in Maces & Flails
   917 | D:2      | Reached skill level 1 in Polearms
   917 | D:2      | Reached skill level 1 in Staves
   917 | D:2      | Reached skill level 1 in Ranged Weapons
   917 | D:2      | Reached skill level 1 in Throwing
   917 | D:2      | Reached skill level 1 in Armour
   917 | D:2      | Reached skill level 1 in Stealth
   917 | D:2      | Reached skill level 1 in Shields
   917 | D:2      | Reached skill level 1 in Invocations
   917 | D:2      | Reached skill level 1 in Evocations
   935 | D:2      | Learned a level 3 spell: Call Canine Familiar
   939 | D:2      | Learned a level 3 spell: Portal Projectile
  1050 | D:3      | Found a basalt altar of Yredelemnul.
  1072 | D:3      | Reached XP level 4. HP: 32/34 MP: 6/11
  1074 | D:3      | Identified the +6 rapier "Tuom" {vamp, Drain +Blink rN++
                  | Int+4}
  1153 | D:4      | Noticed an ogre
  1159 | D:4      | Killed an ogre
  1160 | D:4      | Reached skill level 1 in Conjurations
  1160 | D:4      | Reached skill level 1 in Hexes
  1160 | D:4      | Reached skill level 1 in Summonings
  1160 | D:4      | Reached skill level 1 in Necromancy
  1160 | D:4      | Reached skill level 1 in Translocations
  1160 | D:4      | Reached skill level 1 in Fire Magic
  1160 | D:4      | Reached skill level 1 in Ice Magic
  1160 | D:4      | Reached skill level 1 in Air Magic
  1160 | D:4      | Reached skill level 1 in Earth Magic
  1160 | D:4      | Reached skill level 1 in Poison Magic
  1160 | D:4      | Reached XP level 5. HP: 41/41 MP: 8/12
  1202 | D:4      | Noticed Blork the orc
  1218 | D:4      | Killed Blork the orc
  1219 | D:4      | Reached skill level 5 in Dodging
  1219 | D:4      | Reached XP level 6. HP: 15/47 MP: 9/14
  1276 | D:4      | Found a radiant altar of Vehumet.
  1389 | D:5      | Entered Level 5 of the Dungeon
  1472 | D:6      | Found a staircase to the Ecumenical Temple.
  1482 | Temple   | Entered the Ecumenical Temple
  1587 | D:6      | Noticed a water moccasin
  1596 | D:6      | Killed a water moccasin
  1597 | D:6      | Reached skill level 7 in Unarmed Combat
  1597 | D:6      | Reached XP level 7. HP: 46/52 MP: 7/15
  1736 | D:6      | Noticed Prince Ribbit
  1801 | D:6      | HP: 1/53 [centaur/arrow (7)]
  1812 | D:5      | Found a transporter.
  2153 | D:5      | Found a transporter.
  2220 | D:5      | Noticed an ancient zyme
  2353 | D:5      | Noticed Dowan
  2356 | D:5      | Noticed Duvessa
  2372 | D:5      | Killed Duvessa
  2381 | D:5      | Reached XP level 8. HP: 41/60 MP: 13/16
  2388 | D:5      | Killed Dowan
  2478 | D:5      | Found Maquf's Antique Armour Boutique.
  2771 | D:5      | Noticed Dillmonsterx101's ghost (novice MiFi)
  2796 | D:5      | Learned a level 4 spell: Leda's Liquefaction
  3010 | D:4      | Found a glowing golden altar of the Shining One.
  4249 | D:2      | Prayed at the altar of an unknown god.
  4249 | D:2      | Became a worshipper of Elyvilon the Healer
  4249 | D:2      | Reached * piety under Elyvilon
  5246 | D:2      | Learned a level 4 spell: Ice Form
  5544 | D:2      | Killed Natasha
  5562 | D:2      | Noticed Natasha
  5572 | D:2      | Killed Natasha
  6117 | D:6      | Killed Prince Ribbit
  6125 | D:6      | Reached ** piety under Elyvilon
  6170 | D:6      | Found Tooshrurph's Weapon Shop.
  6179 | D:6      | Bought a +0 arbalest for 58 gold pieces
  6621 | D:7      | Reached skill level 5 in Transmutations
  6630 | D:7      | Reached XP level 9. HP: 5/60 MP: 15/18
  6639 | D:7      | Noticed Maggie
  6644 | D:7      | HP: 2/59 [wight/+1 trident (7)]
  6644 | D:7      | Slain by a wight

Illustrated notes

Levels and vault maps discovered:
D:1:      heliophobic_arrival_battle_scene, layout_loops_ring
D:2:      minmay_evil_eye, layout_loops_corners,
          hellmonk_ecumenical_altar_watching_god, lemuel_flame_loot_1,
          uniq_jessica, uniq_natasha
D:3:      layout_basic, mainiacjoe_overflow_tiny_flanked, minivault_27,
          grunt_decor_clamped
D:4:      layout_cave_pools, nicolae_overflow_hidden_temple,
          mainiacjoe_overflow_boulevard, uniq_blork_the_orc
D:5:      layout_basic, gammafunk_ghost_abyssal_escape, serial_shops,
          nicolae_take_the_stairs, uniq_duvessa
D:6:      layout_cave_pools, minmay_temple_entry_waves, serial_column_ruins,
          column_ruins_temple_circle, column_ruins_corridor_corner,
          column_ruins_open_small, column_ruins_open_tiny, column_ruins_grid_3,
          column_ruins_open_large, column_ruins_corridor_straight, serial_shops,
          shop, minmay_divided_ellipse, uniq_prince_ribbit1
D:7:      layout_basic, nicolae_ossuary_entry_plus,
          nicolae_elevator_lobby_asterisk, uniq_maggie, uniq_menkaure
Temple:   hellmonk_temple_micro_hex

Skill      XL: |  1  2  3  4  5  6  7  8  9 |
---------------+----------------------------+-----
Spellcasting   | 5 6 |  6.4
Short Blades   | 1 2 3 4 |  4.0
Long Blades    | 1 2 3 4 |  4.0
Axes           | 1 2 3 4 |  4.0
Maces & Flails | 1 2 3 4 |  4.0
Polearms       | 1 2 3 4 |  4.0
Staves         | 1 2 3 4 |  4.0
Ranged Weapons | 1 2 3 4 |  4.0
Throwing       | 1 2 3 4 |  4.0
Armour         | 1 2 3 4 |  4.0
Stealth        | 1 2 3 4 |  4.0
Shields        | 1 2 3 4 |  4.0
Invocations    | 1 2 3 4 |  4.3
Evocations     | 1 2 3 4 |  4.0
Fighting       | 3 4 |  4.8
Conjurations   | 1 2 3 |  3.2
Hexes          | 1 2 3 |  3.2
Summonings     | 1 2 3 |  3.2
Necromancy     | 1 2 3 |  3.2
Translocations | 1 2 3 |  3.2
Transmutations | 4 5 |  5.1
Fire Magic     | 1 2 3 |  3.2
Ice Magic      | 1 2 3 |  3.2
Air Magic      | 1 2 3 |  3.2
Earth Magic    | 1 2 3 |  3.2
Poison Magic   | 1 2 3 |  3.2
Dodging        | 5 6 |  6.1
Unarmed Combat | 7 |  7.7

Action                   |  1- 3 |  4- 6 |  7- 9 || total
-------------------------+-------+-------+-------++-------
Melee: Unarmed           |    45 |    17 |    88 ||   150
       Kick              |     5 |     4 |     5 ||    14
       Bite              |     2 |       |     2 ||     4
       Headbutt          |     1 |     1 |     1 ||     3
       Rapier            |       |    21 |    27 ||    48
       Punch             |       |     3 |       ||     3
       Spear             |       |       |    13 ||    13
 Fire: Arbalest          |       |       |    21 ||    21
Throw: Boomerang         |    36 |    12 |    10 ||    58
       Javelin           |       |       |     7 ||     7
 Cast: Beastly Appendage |    11 |     3 |     7 ||    21
       Wereblood         |     2 |     4 |    10 ||    16
       Spider Form       |     4 |     5 |    16 ||    25
       Call Canine Famil |       |     1 |     2 ||     3
Invok: Purification      |       |       |     1 ||     1
Evoke: Wand              |       |       |     2 ||     2
  Use: Scroll            |     3 |     6 |    10 ||    19
       Potion            |       |       |     7 ||     7
 Stab: Sleeping          |       |     1 |     5 ||     6
Armor: Robe              |     6 |     5 |    11 ||    22
       Skin              |       |       |     7 ||     7
       Leather armour    |       |       |     7 ||     7
Dodge: Dodged            |    39 |    51 |   181 ||   271
